 Dungeon Crawl Stone Soup version 0.17.0-28-g6e173f8 (webtiles) character file.

210 4thArraOfDagon the Ruffian (level 5, -7/47 HPs)
             Began as a Minotaur Monk on Nov 26, 2015.
             Mangled by an iguana (9 damage)
             ... on level 7 of the Dungeon.
             The game lasted 00:04:05 (772 turns).

4thArraOfDagon the Ruffian (Minotaur Monk)           Turns: 772, Time: 00:04:05

Health: -7/47      AC: 12    Str: 16    XL:     5   Next: 56%
Magic:  4/4        EV:  5    Int:  8    God:
Gold:   107        SH:  0    Dex: 12    Spells: 0 memorised, 4 levels left

rFire  . . .     SeeInvis .       - Unarmed
rCold  . . .     Clarity  .     l - +0 plate armour
rNeg   . . .     SustAt   .     (no shield)
rPois  +         Gourm    .     (helmet restricted)
rElec  .         Spirit   .     (no cloak)
rCorr  .         Warding  .     (no gloves)
rMut   .         Stasis   .     i - +1 pair of boots
MR     .....                    (no amulet)
Stlth  ..........               (no ring)
                                m - ring of poison resistance

@: not resistant to hostile enchantments, extremely unstealthy
A: retaliatory headbutt, horns 2
a: no special abilities


You were on level 7 of the Dungeon.
You were not hungry.

You visited 1 branch of the dungeon, and saw 7 of its levels.

You collected 107 gold pieces.

Inventory:

Armour
 i - a +1 pair of boots (worn)
 l - a +0 plate armour (worn)
Jewellery
 m - a ring of poison resistance (left hand)
Wands
 a - a wand of frost (33)
 e - a wand of flame (0)
Scrolls
 f - 2 scrolls of remove curse
 j - a scroll of identify
 k - a scroll of recharging
Comestibles
 b - a bread ration
 c - 2 meat rations
 d - 2 beef jerkies
 h - a slice of pizza
 n - a royal jelly


   Skills:
 + Level 4.8 Fighting
 + Level 4.3 Dodging
 - Level 1.5 Stealth
 * Level 6.3 Unarmed Combat


You had 4 spell levels left.
You didn't know any spells.

Dungeon Overview and Level Annotations

Branches:
Dungeon (7/15)
 Temple: D:4-7

Altars:
Vehumet
Xom

Shops:
D:4 (


Innate Abilities, Weirdness & Mutations

You reflexively headbutt those who attack you in melee.
You have a pair of horns on your head.


Message History

Evoking this partially-identified wand wasted a few charges.
The iguana bites you!
* * * LOW HITPOINT WARNING * * *
Evoke which item? (* to show all) (? for menu, Esc to quit)
Zapping:
a - a wand of frost {zapped: 3} (will waste charges)
Press: ? - help, Shift-Dir - straight line, f/p - iguana
Aim: an iguana (moderately wounded)
The puff of frost hits the iguana.
The iguana is heavily wounded.
Evoking this partially-identified wand wasted a few charges.
The iguana bites you but does no damage.
Evoke which item? (* to show all) (? for menu, Esc to quit)
Zapping:
a - a wand of frost {zapped: 6} (will waste charges)
Press: ? - help, Shift-Dir - straight line, f/p - iguana
Aim: an iguana (heavily wounded)
The puff of frost hits the iguana.
The iguana is severely wounded.
Evoking this partially-identified wand wasted a few charges.
The iguana bites you!
You die...

*** ### ****,**
#@# ,,,,,,**
#l## ,,,,,,,*
#..# ,,,,*,,**
##.## ,,,,*,,,*
####..#
,,,***,,**
###..#..# ,,**
*,,,* #.....(.##
***
**,,**#........#
*,,,*#........##


You could see an iguana.

Vanquished Creatures
  A centaur (D:5)
  A giant frog (D:7)
  An orc priest (D:4)
  An adder (D:3)
  An ooze (D:4)
  7 orcs
  3 bats
  A giant cockroach (D:1)
  A kobold (D:3)
  3 quokkas
  A giant gecko skeleton (D:4)
  2 rats
23 creatures vanquished.

Notes
Turn   | Place    | Note
--------------------------------------------------------------
     0 | D:1      | 4thArraOfDagon the Minotaur Monk began the quest for the Orb.
     0 | D:1      | Reached XP level 1. HP: 19/19 MP: 0/0
   127 | D:3      | Reached XP level 2. HP: 17/27 MP: 1/1
   215 | D:3      | Found a radiant altar of Vehumet.
   259 | D:3      | Reached skill level 5 in Unarmed Combat
   401 | D:4      | Reached XP level 3. HP: 2/33 MP: 2/2
   414 | D:4      | Found Othoasun's Weapon Shop.
   419 | D:4      | HP: 1/33 [ooze (4)]
   475 | D:4      | Found a shimmering altar of Xom.
   487 | D:5      | Entered Level 5 of the Dungeon
   592 | D:5      | Noticed a centaur
   601 | D:5      | Noticed a phantom
   697 | D:5      | Noticed a centaur
   702 | D:5      | HP: 1/33 [centaur (5)]
   708 | D:5      | Killed a centaur
   708 | D:5      | Reached XP level 4. HP: 1/41 MP: 3/3
   708 | D:5      | Reached XP level 5. HP: 1/47 MP: 4/4
   724 | D:6      | Reached skill level 6 in Unarmed Combat
   736 | D:6      | Noticed an ogre
   770 | D:7      | HP: 1/47 [iguana (9)]
   772 | D:7      | Mangled by an iguana

Action                   |  1- 3 |  4- 6 || total
-------------------------+-------+-------++-------
Melee: Unarmed           |    59 |     4 ||    63
Evoke: Wand              |     5 |    11 ||    16
  Use: Scroll            |       |     4 ||     4
 Stab: Sleeping          |     1 |       ||     1
